 BcadrenCrawl: Boulder Brew version 0.04.2-20-g1dbc4a6302 (webtiles) character file.

Game seed: 11602143346092186010, levelgen mode: deterministic

1808 st0uf the Grappler (level 8, -1/67 HPs) Golden Draconian Demigod. Began on May 24, 2021. Slain by a wraith (8 damage) ... on level 3 of the Dungeon. The game lasted 00:13:42 (2982 turns).

st0uf the Grappler (Golden Draconian Demigod)       Turns: 2982, Time: 00:13:42

Health: -1/67      AC:  7    Str: 19    XL:     8 ^: 744
Magic:  11/11      EV: 14    Int: 15    God:
Gold:   213        SH:  0    Dex: 15    Spells: 9/10 levels left

rFire    + . .     Vision   .     - Unarmed
rCold    + . .     Gourm    .     - Unarmed
rNeg     . . .     Faith    .   (armour unavailable)
rPois    +         Spirit   .   (helmet restricted)
rElec    .         Reflect  .   (no cloak)
rCorr    .         Harm     .   (no gloves)
MR       .....                  (no boots)
Stlth    ++........             a - amulet of magic regeneration
HPRegen  0.32/turn              (no ring)
MPRegen  0.46/turn              (no ring)

@: slowed, very slow
A: no body armour, unfitting armour, high mp 1, cold-blooded, fire, ice and
poison enhancers 1, rF+, rC+, rPois, AC +7
a: Breathe Fire, Breathe Frost, Breathe Noxious Fumes


You were on level 3 of the Dungeon.
You were not hungry.

You visited 1 branch of the dungeon, and saw 3 of its levels.

You collected 213 gold pieces.

Inventory:

Jewellery
 a - an amulet of magic regeneration (around neck)
 c - an uncursed ring of strength
 t - a cursed ring of evasion {(Curse: rF- MR-)}
Wands
 m - a wand of polymorph (17)
Scrolls
 d - 4 scrolls of teleportation
 f - a scroll of fog
 h - 2 scrolls of fear
 j - 2 scrolls of enchantment
 k - 2 scrolls of amnesia
 n - a scroll of acquirement
 o - a scroll of summoning
 p - a scroll of bless item
Potions
 e - a potion of curing
 g - a potion of resistance
 i - a potion of might
 l - a potion of brilliance
 q - a potion of mutation
 r - a potion of heal wounds
 s - 2 potions of agility
Comestibles
 b - 12 rations


   Skills:
 + Level 1.9 Fighting
 + Level 4.2 Dodging
 - Level 2.0 Stealth
 + Level 8.8 Unarmed Combat
 + Level 1.5 Spellcasting
 - Level 2.4 Fire Magic


You had 9 spell levels left.
You knew the following spells:

 Your Spells              Type           Power        Failure   Level  Hunger
a - Flame Tongue          Fire           12 (30)      9%          1    ##.....

Your spell library contained the following spells:

 Spells                   Type           Power        Failure   Level  Hunger
 Conjure Flame            Fire           12 (100)     26%         3    ####...
 Blink                    Tloc           N/A          34%         2    ###....
 Call Imp                 Summ           1 (100)      34%         2    ###....
 Corpse Rot               Tmut/Necr      N/A          34%         2    ###....
 Slow                     Hex            1 (100)      34%         2    ###....
 Mephitic Cloud           Pois/Air       1 (100)      56%         3    ####...
 Stone Arrow              Erth           1 (50)       56%         3    ####...
 Summon Forest            Summ/Erth      1 (200)      100%        5    ######.
 Eringya's Noxious Bog    Tmut/Pois      1 (200)      100%        6    #######
 Summon Hydra Mount       Summ           1 (200)      100%        6    #######


Dungeon Overview and Level Annotations

Branches:
Dungeon (3/8)

Shops:
D:2 (


Innate Abilities, Weirdness & Mutations

You cannot fit into any form of body armour.
Your imposing gold scales are resilient. (AC +7)
You can breathe your choice of flames, frost or noxious fumes.
You have an increased reservoir of magic. (+10% MP)
You are cold-blooded and may be slowed by cold attacks.
You are in touch with the powers of fire, ice and venom.
Your imposing gold scales grant you resistance to fire, cold and poison. (rF+, rC+, rPois)


Message History

Unknown command.
Really walk into that dispersal trap?
You enter a dispersal trap!
The wraith blinks!
The spectral giant cockroach blinks!
The worker ant simulacrum blinks!
The wraith blinks!
The phantom blinks!
You blink.
The wraith enters a dispersal trap!
The wraith blinks!
The spectral giant cockroach blinks!
The worker ant simulacrum blinks!
The wraith blinks!
The phantom blinks!
You blink.
Unknown command.
The worker ant simulacrum enters a dispersal trap!
The wraith blinks!
The spectral giant cockroach blinks!
The worker ant simulacrum blinks!
The wraith blinks!
The phantom blinks!
You blink.
There is a stone staircase leading down here.
The wraith enters a dispersal trap!
The wraith blinks!
The spectral giant cockroach blinks!
The worker ant simulacrum blinks!
The phantom blinks!
Yoink!
You're pulled towards a dispersal trap!
The wraith closely misses you (0). The wraith hits you (8)!
You die...

#.# #.# #.# #.#
#.### ###...###
####Z''####
####8ZW.8####
####8@..§.8####
####8W§§.§.%8####
###8.§§.⌠§...8###
####8.§..§§%8####
####8.....8####
####8>>§8####
###########


You could see a spectral giant cockroach, a phantom, a wraith and a worker ant
simulacrum.

Vanquished Creatures
  A water moccasin (D:2)
  A scorpion (D:3)
  Duvessa (D:2)
  A phantom (D:3)
  An ogre (D:3)
  A crocodile (D:2)
  2 bullfrogs
  2 big kobolds (D:2)
  Dowan (D:2)
  A spectral ogre (D:3)
  2 hounds (D:3)
  5 jellies (D:2)
  Terence (D:2)
  A worker ant (D:3)
  5 giant cockroaches
  A bullfrog skeleton (D:3)
  3 adders
  36 sewer rats
  A spectral giant cockroach (D:3)
  7 worms
  14 cinder newts
  3 oozes
  A dart slug (D:1)
  4 leopard geckos
  An orc (D:3)
  An adder simulacrum (D:3)
  3 ball pythons
  9 bats
  4 goblins (D:1)
  4 hobgoblins (D:1)
  A hobgoblin skeleton (D:2)
  11 kobolds
  2 rats (D:1)
132 creatures vanquished.

Vanquished Creatures (others)
  A jelly (D:2)
  A giant cockroach (D:2)
  2 ball pythons (D:2)
  A kobold (D:2)
  A quokka skeleton (D:2)
  A rat (D:2)
  3 giant blowflies (D:2)
  4 slimeheads (D:2)
  229 withered plants (D:2)
243 creatures vanquished.

Grand Total: 375 creatures vanquished

Notes
Turn   | Place    | Note
-------+----------+-------------------------------------------
     0 | D:1      | st0uf the Immature Draconian Demigod began the quest for
                  | the Orb.
     0 | D:1      | Reached XP level 1. HP: 18/18 MP: 3/3
    62 | D:1      | Reached XP level 2. HP: 25/25 MP: 4/4
   168 | D:1      | Reached skill level 2 in Unarmed Combat
   224 | D:1      | Reached XP level 3. HP: 31/31 MP: 5/5
   747 | D:2      | Noticed Terence
   747 | D:2      | Noticed a bullfrog
   758 | D:2      | Reached XP level 4. HP: 38/38 MP: 6/6
   787 | D:1      | Reached skill level 3 in Unarmed Combat
   787 | D:1      | Reached XP level 5. HP: 17/44 MP: 7/7
   926 | D:2      | Killed Terence
  1096 | D:2      | Found a faded altar of an unknown god.
  1105 | D:2      | Reached skill level 4 in Unarmed Combat
  1117 | D:2      | Reached XP level 6. HP: 14/51 MP: 9/9
  1216 | D:2      | Noticed Duvessa
  1241 | D:2      | Killed Duvessa
  1241 | D:2      | Reached skill level 5 in Unarmed Combat
  1265 | D:2      | Noticed Dowan
  1355 | D:2      | Killed Dowan
  1355 | D:2      | Your scales start taking on an imposing gold colour.
  1355 | D:2      | Reached XP level 7. HP: 48/57 MP: 10/10
  1355 | D:2      | Gained mutation: Your imposing gold scales grant you
                  | resistance to fire, cold and poison. (rF+, rC+, rPois)
                  | [Golden Draconian growth]
  1355 | D:2      | Gained mutation: You are in touch with the powers of fire,
                  | ice and venom. [Golden Draconian growth]
  1440 | D:2      | Reached skill level 6 in Unarmed Combat
  1917 | D:2      | Found Zuagoa's Antique Weapon Shop.
  1946 | D:2      | Reached skill level 7 in Unarmed Combat
  2124 | D:2      | Reached XP level 8. HP: 65/66 MP: 11/11
  2560 | D:3      | Found a glowing golden altar of the Shining One.
  2562 | D:3      | Reached skill level 8 in Unarmed Combat
  2578 | D:3      | Identified a scroll of acquirement
  2578 | D:3      | Found a glowing silver altar of Zin.
  2592 | D:3      | Found a white marble altar of Elyvilon.
  2947 | D:3      | Found a runed translucent gate.
  2947 | D:3      | Found a runed translucent gate.
  2952 | D:3      | Found a runed translucent gate.
  2976 | D:3      | HP: 2/67 [wraith (7)]
  2982 | D:3      | Slain by a wraith

Levels and vault maps discovered:
D:1:      dpeg_arrival_boxes_within_box, layout_basic, kennysheep_another_room
D:2:      layout_sewer, serial_shops, shop_fountains,
          chequers_ecumenical_altar_simple, st_stairs_7, uniq_duvessa,
          uniq_terence
D:3:      miniossuary_kennysheep_ghosthouse, layout_cave_pools,
          good_gods_temple_1, first_ration

Skill      XL: |  1  2  3  4  5  6  7  8 |
---------------+-------------------------+-----
Dodging        | 3 4 |  4.2
Unarmed Combat | 2 3 4 5 7 8 |  8.8
Stealth        | 2 |  2.0
Fire Magic     | 2 |  2.4
Fighting       | |  1.9
Spellcasting   | |  1.5

Action                   |  1- 3 |  4- 6 |  7- 9 || total
-------------------------+-------+-------+-------++-------
Melee: Unarmed           |    96 |   184 |   315 ||   595
       Tailslap          |     4 |    18 |    23 ||    45
  Use: Potion            |       |       |     1 ||     1
 Stab: Sleeping          |     4 |       |     8 ||    12
       Distracted        |       |     1 |       ||     1
  Eat: Chunk             |       |     2 |     6 ||     8
Armor: Skin              |    11 |    15 |    22 ||    48
Dodge: Dodged            |    25 |    48 |    82 ||   155
